 Dungeon Sprint DCSS version 0.31-a0-1-g4198be8af4 (webtiles) character file.

Game seed: 10754360361136809205

7734 sircluck the Brawler (level 11, -9/178 HPs)
             Began as a Troll Berserker on May 2, 2023.
             Was the Champion of Trog.
             Mangled by a vampire knight
             ... wielding a +0 long sword
              (23 damage)
             ... in the Dungeon (Sprint VII: "The Pits").
             The game lasted 00:04:01 (1064 turns).

sircluck the Brawler (Troll Berserker)              Turns: 1064, Time: 00:04:02

Health: -9/178     AC:  5    Str: 40    XL:     11   Next: 0%
Magic:  10/10      EV: 13    Int:  3    God:    Trog [******]
Gold:   0          SH:  0    Dex:  9    Spells: 10/10 levels left

rFire   x .          .
                       - Unarmed
rCold   . . .        (no shield)
rNeg    + + +        a - +0 animal skin
rPois   +            (helmet restricted)
rElec   .            o - +0 cloak
rCorr   .            (gloves unavailable)
SInv    .            (boots unavailable)
Will    .....        (no amulet) Stlth
                     k - +3 ring of strength
HPRegen 1.29/turn    p - ring of Tainlol {*Slow rPois rF- rN+++ Str+6}
MPRegen 0.12/turn

%: no teleportation, slow self (1%)
@: berserking, studying Polearms, very quick
A: large, unfitting armour, claws 3, regeneration 1, shaggy fur 1, tough skin 1
a: Renounce Religion, Berserk, Trog's Hand, Brothers in Arms


You were in the Dungeon.
You worshipped Trog.
Trog was exalted by your worship.
You visited 1 branch

Inventory:

Missiles
 j - 10 stones (quivered)
Armour
 a - a +0 animal skin (worn)
 o - a +0 cloak (worn)
Jewellery
 k - a +3 ring of strength (left claw)
 l - a +3 ring of intelligence
 p - the ring of Tainlol (right claw) {*Slow rPois rF- rN+++ Str+6}
   (You found it in the Dungeon)

   [ring of strength]

   Str:       It affects your strength (+6).
   rF:        It makes you vulnerable to fire.
   rPois:     It protects you from poison.
   rN:        It renders you almost immune to negative energy.
   *Slow:     It may slow you when you take damage.
Wands
 n - a wand of flame (9)
Scrolls
 g - a scroll of blinking
 i - a scroll of butterflies
Potions
 b - 10 potions of curing
 c - 7 potions of heal wounds
 d - 3 potions of haste
 e - 4 potions of magic
 f - 3 potions of berserk rage
 h - 2 potions of invisibility
 m - 2 potions of might


   Skills:
 + Level 10.4 Fighting
 + Level 12.1 Dodging
 + Level 4.5 Stealth
 + Level 18.4 Unarmed Combat


You had 10 spell levels left.
You didn't know any spells.
Your spell library was empty.

Dungeon Overview and Level Annotations

Branches:
Dungeon (1/1)

Altars:
Ashenzari
Cheibriados
Dithmenos
Elyvilon
Fedhas
Gozag
Hepliaklqana
Kikubaaqudgha
Makhleb
Nemelex Xobeh
Okawaru
Qazlal
Ru
Sif Muna
Trog
Uskayaw
Vehumet
Wu Jian
Xom
Yredelemnul
Zin
The Shining One
Jiyva
Lugonu


Innate Abilities, Weirdness & Mutations

You are too large for most types of armour.
You have claws for hands.
Your natural rate of healing is unusually fast.
You are covered in fur. (AC +1)
You have tough skin. (AC +1)


Message History

Your stone giant hits Grum.
You hear some strange, mumbled words.
Your stone giant resists with almost no effort.
Grum hits your stone giant with a +0 spear!
Your stone giant hits Grum!!
Something hits your stone giant! Something bites your stone giant.
Your stone giant hits Grum!!!
Grum dies!
Trog accepts your kill. Something hits your stone giant!!
Something bites your stone giant.
Unknown command.
Your stone giant hits the swamp drake but does no damage.
Something hits your stone giant!! Something bites your stone giant.
The swamp drake bites your stone giant.
Your stone giant dies!
Your stone giant's corpse disappears in a puff of smoke!
The floating eye pulsates ominously.
The floating eye's view fixates on you.
You feel much better.
You mangle the floating eye!!
You kill the floating eye!
Trog accepts your kill. Trog grants you a weapon!
Something appears at your feet!
You see here a +8 antimagic bardiche.
You have reached level 11!
Deactivating autopickup; reactivate with Ctrl-A.
You barely miss something. Something barely misses you.
Something completely misses you.
You barely miss something. Something hits you! Something bites you.
You claw something! Your claw misses something. Something hits you!
* * * LOW HITPOINT WARNING * * *
Something bites you.
* * * LOW HITPOINT WARNING * * *
A red film seems to cover your vision as you go berserk!
You feel yourself moving faster!
You feel mighty! Something hits you!
* * * LOW HITPOINT WARNING * * *
Something bites you.
* * * LOW HITPOINT WARNING * * *
You mangle something!! Something hits you!!
You die...

....##..)†.##....
....##.##..#..... # ..
########...+.... .## ...
##### #....#.... ..##..
..[[##..#..##..# #..'.
!.[.##.###..##.+ +..#
..))####.##..#D## ##..#
..))# #..))..†..####...##
..))##....#..##.@{k))...#
#########################


You could see a swamp drake and an acid dragon.

Vanquished Creatures
  A boulder beetle (D)
  A deep troll (D)
  A deep elf zephyrmancer (D)
  An orc sorcerer (D)
  A cane toad (D)
  A gargoyle (D)
  A tarantella (D)
  A hornet (D)
  A blink frog (D)
  A flying skull (D)
  2 jumping spiders (D)
  A wyvern (D)
  A ynoxinul (D)
  A floating eye (D)
  An ice beast (D)
  A sky beast (D)
  3 wolves (D)
  A centaur (D)
  4 killer bees (D)
  2 jellies (D)
  An iguana (D)
  An orc wizard (D)
  2 mummies (D)
  A river rat (D)
  An ufetubus (D)
  An orc (D)
  A bat (D)
  An endoplasm (D)
  2 giant cockroaches (D)
  A goblin (D)
  A hobgoblin (D)
  A ball python skeleton (D)
  2 frilled lizards (D)
  A kobold (D)
  A rat (D)
45 creatures vanquished.

Vanquished Creatures (collateral kills)
  A nagaraja (D)
  An orc warlord (D)
  A shadow wraith (D)
  A troll (D)
  Grum (D)
  3 orc warriors (D)
  An adder skeleton (D)
  2 orcs (D)
11 creatures vanquished.

Grand Total: 56 creatures vanquished

Notes
Turn   | Place    | Note
-------+----------+-------------------------------------------
     0 | D        | sircluck the Troll Berserker began the quest for the Orb.
     0 | D        | Reached XP level 1. HP: 22/22 MP: 0/0
    18 | D        | Found a bloodstained altar of Trog.
    18 | D        | Found a shimmering blue altar of Sif Muna.
    18 | D        | Found a viscous altar of Jiyva.
    18 | D        | Found a hazy altar of Hepliaklqana.
    18 | D        | Found an opulent altar of Gozag.
    44 | D        | Found a glowing golden altar of the Shining One.
    44 | D        | Found a glowing silver altar of Zin.
    44 | D        | Found a basalt altar of Yredelemnul.
    44 | D        | Found a shimmering altar of Xom.
    44 | D        | Found an ornate altar of the Wu Jian Council.
    44 | D        | Found a sacrificial altar of Ru.
    44 | D        | Found a stormy altar of Qazlal.
    44 | D        | Found an iron altar of Okawaru.
    44 | D        | Found a sparkling altar of Nemelex Xobeh.
    44 | D        | Found a burning altar of Makhleb.
    44 | D        | Found a blossoming altar of Fedhas.
    44 | D        | Found a white marble altar of Elyvilon.
    44 | D        | Found a shadowy altar of Dithmenos.
    44 | D        | Found a snail-covered altar of Cheibriados.
    47 | D        | Found a corrupted altar of Lugonu.
    47 | D        | Found a radiant altar of Vehumet.
    48 | D        | Found an ancient bone altar of Kikubaaqudgha.
    48 | D        | Found a hide-covered altar of Uskayaw.
    48 | D        | Found a broken altar of Ashenzari.
    68 | D        | Reached ** piety under Trog
    85 | D        | Reached *** piety under Trog
    93 | D        | Reached skill level 4 in Unarmed Combat
    93 | D        | Reached XP level 2. HP: 10/31 MP: 1/1
   146 | D        | Noticed a centaur
   146 | D        | Noticed a flying skull
   158 | D        | Killed a flying skull
   158 | D        | Reached **** piety under Trog
   159 | D        | Reached skill level 5 in Fighting
   159 | D        | Reached skill level 5 in Dodging
   159 | D        | Reached skill level 8 in Unarmed Combat
   159 | D        | Reached XP level 3. HP: 24/42 MP: 2/2
   159 | D        | Reached XP level 4. HP: 29/50 MP: 3/3
   159 | D        | Reached XP level 5. HP: 33/57 MP: 4/4
   159 | D        | Noticed an ice beast
   163 | D        | Killed a centaur
   164 | D        | Reached skill level 1 in Stealth
   164 | D        | Reached XP level 6. HP: 38/67 MP: 5/5
   167 | D        | Killed an ice beast
   168 | D        | Reached skill level 9 in Unarmed Combat
   192 | D        | Reached ***** piety under Trog
   228 | D        | Noticed a sky beast
   231 | D        | Killed a sky beast
   232 | D        | Reached skill level 10 in Unarmed Combat
   232 | D        | Noticed a blink frog
   236 | D        | Killed a blink frog
   237 | D        | Reached skill level 11 in Unarmed Combat
   237 | D        | Reached XP level 7. HP: 68/78 MP: 6/6
   247 | D        | Noticed a cane toad
   247 | D        | Noticed a jumping spider
   373 | D        | Killed a cane toad
   374 | D        | Reached skill level 12 in Unarmed Combat
   374 | D        | Reached XP level 8. HP: 67/87 MP: 7/7
   377 | D        | Killed a jumping spider
   490 | D        | Noticed a deep troll
   491 | D        | Noticed a boulder beetle
   528 | D        | Killed a deep troll
   528 | D        | Received a gift from Trog
   529 | D        | Reached skill level 13 in Unarmed Combat
   545 | D        | Killed a boulder beetle
   546 | D        | Reached skill level 14 in Unarmed Combat
   546 | D        | Reached XP level 9. HP: 27/97 MP: 8/8
   679 | D        | Noticed an orc sorcerer
   681 | D        | Noticed an orc warlord
   684 | D        | Killed an orc warlord
   685 | D        | Reached skill level 10 in Dodging
   685 | D        | Reached skill level 15 in Unarmed Combat
   686 | D        | Killed an orc sorcerer
   687 | D        | Reached skill level 16 in Unarmed Combat
   693 | D        | Reached ****** piety under Trog
   770 | D        | Got the ring of Tainlol {*Slow rPois rF- rN+++ Str+6}
   843 | D        | Reached XP level 10. HP: 63/107 MP: 9/9
   856 | D        | Noticed a gargoyle
   870 | D        | Killed a gargoyle
   871 | D        | Paralysed by a hornet for 3 turns
   967 | D        | Noticed a deep elf zephyrmancer
   971 | D        | Reached skill level 17 in Unarmed Combat
   973 | D        | Killed a deep elf zephyrmancer
   973 | D        | Received a gift from Trog
  1033 | D        | Noticed Grum
  1035 | D        | Noticed a nagaraja
  1035 | D        | Noticed a vampire knight
  1051 | D        | Killed a nagaraja
  1051 | D        | Received a gift from Trog
  1052 | D        | Reached skill level 10 in Fighting
  1052 | D        | Reached skill level 18 in Unarmed Combat
  1053 | D        | Killed a shadow wraith
  1056 | D        | Killed Grum
  1059 | D        | Received a gift from Trog
  1060 | D        | Reached XP level 11. HP: 56/119 MP: 10/10
  1064 | D        | Mangled by a vampire knight

Illustrated notes

Levels and vault maps discovered:
D:        pitsprint [storerooms_1, entrance_room_1, metal_vault_7, armoury_2,
          mini_pit_1, grid_room_1, main_hall_1, silver_pit, the_coven_3,
          the_vestibule_1, steel_vault_2, golden_pit, hallway_of_sentries,
          crystal_vault_6, iron_vault_2, final_vault]

Skill      XL: |  1  2  3  4  5  6  7  8  9 10 |
---------------+-------------------------------+-----
Dodging        | 3 5 6 7 8 9 10 12 | 12.1
Fighting       | 3 5 7 8 9 10 | 10.4
Unarmed Combat | 4 8 11 12 14 16 18 | 18.4
Stealth        | 1 2 3 4 |  4.5

Action                     |  1- 3 |  4- 6 |  7- 9 | 10-12 || total
---------------------------+-------+-------+-------+-------++-------
  Melee: Unarmed           |    25 |    18 |    47 |    44 ||   134
         Punch             |       |       |     1 |     4 ||     5
  Throw: Stone             |       |       |     1 |       ||     1
 Invoke: Berserk           |     2 |       |     2 |     3 ||     7
         Brothers in Arms  |       |       |     1 |     1 ||     2
    Use: Potion            |       |       |       |     1 ||     1
   Stab: Sleeping          |     1 |     2 |       |       ||     3
 Armour: Animal skin       |     7 |     7 |     8 |    19 ||    41
  Dodge: Dodged            |    13 |    18 |    25 |    66 ||   122

Table legend: (Time is in decaauts)
 A = Elapsed time spent in this place.
 B = Non-inter-level travel time spent in this place.
 C = Inter-level travel time spent in this place.
 D = Time resting spent in this place.
 E = Time spent auto-exploring this place.
 F = Levels seen in this place.
 G = Mean time per level.
                   A        B        C        D        E       F      G
               +--------+--------+--------+--------+--------+-----+--------+
         Total |   1095 |   1068 |     27 |    259 |    275 |   1 | 1095.0 |
       Dungeon |   1095 |   1068 |     27 |    259 |    275 |   1 | 1095.0 |
               +--------+--------+--------+--------+--------+-----+--------+

Top non-repeatable levels by time:
       D: 1095 daAuts
